 Dungeon Crawl Stone Soup version 0.26.1-11-gd32895ea62 (webtiles) character file.

Game seed: 12196994907509084890

129084 promet the Fighter (level 17, 0/74 (95) HPs)
             Began as a Vine Stalker Fighter on June 5, 2021.
             Was the Champion of Dithmenos.
             Killed from afar by an orc sorcerer (10 damage)
             ... with a bolt of negative energy
             ... led by Saint Roka
             ... on level 2 of the Orcish Mines on June 6, 2021.
             The game lasted 07:03:12 (38687 turns).

promet the Fighter (Vine Stalker Fighter)          Turns: 38687, Time: 07:03:15

HP:   0/74 (95)     AC: 27    Str: 22    XL:     17   Next: 4%
MP:   0/18          EV:  9    Int: 12    God:    Dithmenos [******]
Gold: 3446          SH: 12    Dex: 13    Spells: 16/16 levels left

rFire    + + +     SeeInvis +   a - +8 war axe "Vumeular" {vorpal, +Inv Will++ Int+3 Dex-4}
rCold    . . .     Faith    .   L - +0 kite shield
rNeg     + . .     Spirit   +   P - +5 plate armour of the Eternal Fruit {rPois rF+++ rN+ Int-4}
rPois    +         Reflect  .   s - +1 helmet {SInv}
rElec    .         Harm     .   J - +1 cloak
rCorr    .         Rampage  .   u - +1 pair of gloves
Will     ++++.                  W - +0 pair of boots
Stlth    +++.......             (no amulet)
HPRegen  1.02/turn              d - ring of stealth
MPRegen  0.16/turn              k - +6 ring of strength

@: hasted, wreathed by umbra, heavily drained, very quick
A: fangs 3, repulsion field 1, clever 1, clumsy 1, regeneration 2, weak 1, magic
shield, antimagic bite, no potion heal 3, subdued magic 1, MP-powered wands
a: Renounce Religion, Evoke Invisibility, Shadow Step, Shadow Form


You were on level 2 of the Orcish Mines.
You worshipped Dithmenos.
Dithmenos was exalted by your worship.
You visited 3 branches of the dungeon, and saw 23 of its levels.
You visited the Abyss 1 time.
You also visited: Ossuary.

You collected 3572 gold pieces.
You spent 126 gold pieces at shops.

Inventory:

Hand Weapons
 a - the +8 war axe "Vumeular" (weapon) {vorpal, +Inv Will++ Int+3 Dex-4}
   (You found it on level 4 of the Dungeon)

   It inflicts extra damage upon your enemies.
   It affects your intelligence (+3).
   It affects your dexterity (-4).
   It affects your willpower, your defense against some magical effects.
   It lets you turn invisible.
 b - a +5 hunting sling of flaming
 c - a +1 dagger of draining
 e - the +3 flail of Terra Nullius {chaos, rN++ Will-}
   (You found it on level 7 of the Dungeon)

   Each time it hits an enemy it has a different, random effect.
   It greatly protects you from negative energy.
   It affects your willpower, your defense against some magical effects.
 f - a +9 long sword of freezing
 r - a +0 hand crossbow
 v - a +2 vampiric trident
 B - a +2 short sword of freezing
 N - a +0 spear of flaming
Missiles
 h - 785 stones
 j - 147 sling bullets
 p - 13 boomerangs (quivered)
 x - 300 bolts
 C - 44 poisoned darts
 H - 18 curare-tipped darts
 X - 9 javelins
 Z - 6 silver javelins
Armour
 s - a +1 helmet of see invisible (worn)
 u - a +1 pair of gloves (worn)
 J - a +1 cloak (worn)
 L - a +0 kite shield (worn)
 P - the +5 plate armour of the Eternal Fruit (worn) {rPois rF+++ rN+ Int-4}
   (You took it off an orc on level 6 of the Dungeon)

   It affects your intelligence (-4).
   It renders you almost immune to fire.
   It protects you from poison.
   It protects you from negative energy.
 W - a +0 pair of boots (worn)
Jewellery
 d - a ring of stealth (left hand)
 g - the ring "Axzithre" {rPois Dex+3}
   (You found it on level 6 of the Lair of Beasts)

   [ring of poison resistance]

   It affects your dexterity (+3).
   It protects you from poison.
 k - a +6 ring of strength (right hand)
 l - an uncursed amulet of reflection
 n - an uncursed ring of protection from fire
 F - an uncursed ring of poison resistance
 G - a +6 ring of dexterity
 Q - an uncursed amulet of faith
 R - a +6 ring of dexterity
 Y - an uncursed amulet of regeneration
Wands
 m - a wand of random effects (57)
 q - a wand of enslavement (26)
 y - a wand of digging (11)
 M - a wand of polymorph (22)
 S - a wand of iceblast (35)
 T - a wand of acid (7)
Scrolls
 i - 7 scrolls of identify
 w - 4 scrolls of fear
 A - a scroll of fog
 E - 15 scrolls of remove curse
 I - 6 scrolls of magic mapping
 V - a scroll of teleportation
Potions
 t - 3 potions of cancellation
 D - 5 potions of lignification
 K - 2 potions of flight
 U - 13 potions of curing
Miscellaneous
 z - a box of beasts (inert)


   Skills:
 * Level 13.4 Fighting
 + Level 1.0(3.9) Short Blades
 + Level 6.1(6.2) Long Blades
 + Level 13.2 Axes
 + Level 1.7(8.9) Maces & Flails
 + Level 0.6(8.7) Polearms
 + Level 6.4(8.2) Slings
 + Level 3.5 Crossbows
 + Level 7.8(8.9) Throwing
 + Level 8.8 Armour
 + Level 2.0 Dodging
 + Level 13.1 Stealth
 + Level 10.2 Shields
 + Level 1.3 Evocations


You had 16 spell levels left.
You didn't know any spells.
Your spell library contained the following spells:

 Spells                   Type           Power        Failure   Level
 Beastly Appendage        Tmut           0%           100%        1
 Foxfire                  Conj/Fire      0%           100%        1
 Magic Dart               Conj           0%           100%        1
 Shock                    Conj/Air       0%           100%        1
 Blink                    Tloc           N/A          100%        2
 Call Imp                 Summ           0%           100%        2
 Slow                     Hex            0%           100%        2
 Swiftness                Air            0%           100%        2
 Wereblood                Tmut           0%           100%        2
 Conjure Flame            Conj/Fire      0%           100%        3
 Inner Flame              Hex/Fire       0%           100%        3
 Mephitic Cloud           Conj/Pois/Air  0%           100%        3
 Spider Form              Tmut/Pois      0%           100%        3
 Static Discharge         Conj/Air       0%           100%        3
 Airstrike                Air            0%           100%        4
 Ice Form                 Ice/Tmut       0%           100%        4
 Sticky Flame             Conj/Fire      0%           100%        4
 Blade Hands              Tmut           0%           100%        5
 Fireball                 Conj/Fire      0%           100%        5
 Lightning Bolt           Conj/Air       0%           100%        5


Dungeon Overview and Level Annotations

Branches:
Dungeon (15/15)            Temple (0/1) D:6            Lair (6/6) D:9
  Swamp (0/4) Lair:3       Spider (0/4) Lair:3        Slime (0/5) Lair:6
    Orc (2/2) D:10            Elf (0/3) Orc:2        Vaults (0/5) D:14
 Depths (0/5) D:15        Ossuary (visited)

Altars:
Ashenzari
Cheibriados
Dithmenos
Elyvilon
Hepliaklqana
Kikubaaqudgha
Okawaru
Ru
Wu Jian
Zin
The Shining One

Shops:
D:7 [   Orc:1 :

Portals:
Trove: D:12 (lose all piety)

Annotations:
D:11 2 transporters
Lair:4 1 runed translucent door
Orc:2 Saint Roka


Innate Abilities, Weirdness & Mutations

You have razor-sharp teeth.
You heal very quickly.
When hurt, damage is shared between your health and your magic reserves.
Your bite disrupts and absorbs the magic of your enemies.
Potions cannot restore your health.
You are surrounded by a mild repulsion field. (EV +2)
Your mind is acute. (Int +2)
You are clumsy. (Dex -2)
You are weak. (Str -2)
Your spells are a little easier to cast, but a little less powerful.
You expend magic power (3 MP) to strengthen your wands.


Message History

Dithmenos accepts your kill.
You hit Saint Roka but do no damage.
The orc sorcerer shouts, "You are history!"
The orc sorcerer points at you and mumbles some strange words.
The bolt of fire hits you! You resist.
Saint Roka hits you with a +3 great sword of draining!!
* * * LOW HITPOINT WARNING * * *
You partially resist.
You feel drained.
* * * LOW HITPOINT WARNING * * *
Aiming: Shadow Step
Press: ? - help, Dir - move target, p - Saint Roka There isn't a shadow there.
Okay, then.
Aiming: Shadow Step
Press: ? - help, Dir - move target, f - orc sorcerer, p - Saint Roka
Aim: an orc sorcerer, wielding a +0 dagger and wearing a +0 robe (black smoke, almost dead, strong, umbra)
You step into the orc sorcerer's shadow.
The orc sorcerer points at you and mumbles some strange words.
The bolt of negative energy hits you! You partially resist.
You feel drained.
You die...

##. ^.... ##.##### #....
###....#.## #....
#.........## ##...
###..........####..oo
#.............#.##.(.
##.....§§......#.#...^
###..§§§§..§.......o....
#....§§@§§.......o....##
###.[.§§§o##.##........##
#.....§§o§######.......##
#.##).[§#####.#..........
# #.#.[....#............#
###[[......o..........#
##..............#[...
#..........^.###....
#..#........## ##...


You could see Saint Roka and an orc sorcerer (strong).

Vanquished Creatures
  An ancient lich (Abyss:2)
  Jorgrun (D:13)
  4 tentacled starspawn
  2 dire elephants (Lair:6)
  Snorg (D:14)
  Harold (D:9)
  A yaktaur captain (D:15)
  2 boulder beetles
  12 hydras
  4 centaur warriors
  6 catoblepae
  2 two-headed ogres
  13 death yaks
  A tengu warrior (D:14)
  2 orc high priests (Orc:1)
  Sonja (D:11)
  Nergalle (Lair:1)
  A fire crab (Lair:5)
  A wretched star (Abyss:2)
  3 unseen horrors
  A swamp dragon (shapeshifter) (Abyss:2)
  A wizard (D:14)
  A necromancer (Lair:6)
  3 orc knights
  A lindwurm (Lair:6)
  A wolf spider (Lair:6)
  A wolf spider zombie (D:15)
  4 oklob plants (Lair:1)
  3 orc sorcerers
  An ugly thing (D:13)
  15 elephants
  4 manticores
  A deep elf mage (D:11)
  7 black mambas
  18 cane toads
  A smoke demon (Abyss:3)
  A gargoyle (D:15)
  Psyche (D:11)
  An apocalypse crab (Abyss:3)
  A rime drake (shapeshifter) (D:14)
  4 torpor snails
  2 kobold demonologists (D:15)
  11 komodo dragons
  A yaktaur (D:15)
  An efreet (Abyss:3)
  5 rime drakes
  Maggie (D:6)
  An ancient zyme (Abyss:2)
  A tormentor (Abyss:2)
  A queen bee (Lair:2)
  3 meliai (D:15)
  A tyrant leech (Lair:3)
  2 hornets
  10 trolls
  5 slime creatures (D:13)
  16 dream sheep (Lair:6)
  12 polar bears
  36 blink frogs
  4 raiju
  A centaur simulacrum (D:14)
  Sigmund (D:3)
  2 vampires
  5 water elementals
  34 yaks
  2 shadows
  8 wyverns
  11 basilisks
  3 wraiths
  5 vampire mosquitoes
  Menkaure (D:4)
  A steam dragon (D:11)
  6 large abominations
  A neqoxec (Abyss:2)
  4 small abominations
  9 wargs
  Edmund (D:5)
  An acid dragon (D:15)
  15 hell hounds (Lair:6)
  15 water moccasins
  15 ice beasts
  12 black bears
  21 orc warriors
  An eye of draining (D:14)
  4 sky beasts
  2 phantoms
  23 wolves
  9 ogres
  8 centaurs
  A big kobold (D:11)
  21 bullfrogs
  A gnoll sergeant (D:11)
  A wyvern zombie (D:13)
  17 scorpions
  27 killer bees
  5 wights (D:12)
  5 spriggan skeletons (D:9)
  5 electric eels
  A howler monkey (D:6)
  A troll skeleton (D:9)
  2 bullfrog zombies
  A hound (shapeshifter) (D:15)
  3 quasits
  9 centaur zombies
  A bullfrog skeleton (D:9)
  3 jellies
  12 orc priests
  6 hounds
  A human zombie (Ossuary)
  An iron imp (Abyss:2)
  17 orc wizards
  7 centaur skeletons
  3 iguanas
  Natasha (twice) (D:2)
  11 hell rats
  4 polar bear simulacra (Lair:6)
  8 worker ants
  5 yak simulacra (Lair:6)
  2 big kobold zombies (Ossuary)
  A hound skeleton (D:6)
  3 mummies (Ossuary)
  Robin (D:4)
  2 worker ant zombies
  16 gnolls
  16 adders
  3 scorpion zombies (Ossuary)
  2 shadow imps
  3 white imps
  6 ufetubi
  An ooze (D:5)
  5 worms
  An adder skeleton (D:7)
  An adder zombie (D:10)
  4 dart slugs
  10 leopard geckos
  92 orcs
  2 ball pythons
  13 bats
  13 giant cockroaches
  2 gnoll zombies (Ossuary)
  18 hobgoblins
  15 jackals
  11 kobolds
  4 quokkas
  5 frilled lizards
  14 goblins
  2 goblin zombies (Ossuary)
  3 hobgoblin zombies (Ossuary)
  A jackal skeleton (D:6)
  A jackal zombie (D:8)
  A kobold zombie (Ossuary)
  2 orc zombies (Ossuary)
  A quokka zombie (D:8)
  12 rats
  2 river rat simulacra (Lair:6)
  A starspawn tentacle (Abyss:3)
938 creatures vanquished.

Vanquished Creatures (others)
  A small abomination (Abyss:3)
  53 fungi
  149 plants
  10 starspawn tentacles
213 creatures vanquished.

Grand Total: 1151 creatures vanquished

Notes
Turn   | Place    | Note
-------+----------+-------------------------------------------
     0 | D:1      | promet the Vine Stalker Fighter began the quest for the
                  | Orb.
     0 | D:1      | Reached XP level 1. HP: 11/11 MP: 2/2
   205 | D:1      | Reached XP level 2. HP: 13/16 MP: 3/3
   542 | D:1      | Reached XP level 3. HP: 20/20 MP: 4/4
  1434 | D:2      | You fall into a shaft and drop 2 floors!
  1864 | D:4      | Gained mutation: Your natural rate of healing is unusually
                  | fast. [Vine Stalker growth]
  1864 | D:4      | Reached XP level 4. HP: 20/24 MP: 3/5
  1909 | D:4      | Noticed Menkaure
  1919 | D:4      | Killed Menkaure
  1920 | D:4      | Reached XP level 5. HP: 7/29 MP: 2/6
  2275 | D:2      | Found a shadowy altar of Dithmenos.
  2278 | D:2      | Became a worshipper of Dithmenos the Shadowed
  2328 | D:2      | Reached XP level 6. HP: 33/33 MP: 7/7
  2415 | D:2      | Reached skill level 1 in Dodging
  2738 | D:2      | Noticed Natasha
  2758 | D:2      | Killed Natasha
  3000 | D:2      | Reached * piety under Dithmenos
  3032 | D:2      | Noticed Natasha
  3043 | D:2      | Killed Natasha
  3170 | D:3      | Noticed Sigmund
  3190 | D:3      | Killed Sigmund
  3191 | D:3      | Reached XP level 7. HP: 37/38 MP: 6/8
  3957 | D:3      | Found a glowing golden altar of the Shining One.
  4195 | D:4      | Reached ** piety under Dithmenos
  4240 | D:4      | HP: 1/38 [ogre/+0 giant spiked club (15)]
  4518 | D:4      | Noticed Robin
  4678 | D:4      | Killed Robin
  4896 | D:4      | Reached skill level 5 in Fighting
  4905 | D:4      | Gained mutation: You have razor-sharp teeth. [Vine Stalker
                  | growth]
  4905 | D:4      | Reached XP level 8. HP: 37/43 MP: 7/9
  4940 | D:4      | Got a slimy war axe
  4941 | D:4      | Identified the +8 war axe "Vumeular" {vorpal, +Inv Will++
                  | Int+3 Dex-4} (You found it on level 4 of the Dungeon)
  5150 | D:5      | Entered Level 5 of the Dungeon
  5260 | D:5      | Reached skill level 5 in Long Blades
  5437 | D:5      | Reached skill level 1 in Axes
  5688 | D:5      | Gained mutation: You are weak. (Str -2) [potion of
                  | mutation]
  5688 | D:5      | Gained mutation: Your spells are a little easier to cast,
                  | but a little less powerful. [potion of mutation]
  5688 | D:5      | Gained mutation: You are surrounded by a mild repulsion
                  | field. (EV +2) [potion of mutation]
  5688 | D:5      | Gained mutation: You expend magic power (3 MP) to
                  | strengthen your wands. [potion of mutation]
  5733 | D:5      | Found an iron altar of Okawaru.
  5996 | D:5      | Noticed Edmund
  6012 | D:5      | Killed Edmund
  6012 | D:5      | Reached *** piety under Dithmenos
  6567 | D:6      | Noticed Maggie
  6581 | D:6      | Killed Maggie
  6582 | D:6      | Reached skill level 1 in Throwing
  6582 | D:6      | Reached skill level 5 in Shields
  6582 | D:6      | Reached XP level 9. HP: 18/48 MP: 3/10
  6646 | D:6      | Found a staircase to the Ecumenical Temple.
  6690 | D:6      | Found a white marble altar of Elyvilon.
  6731 | D:6      | Found a snail-covered altar of Cheibriados.
  6918 | D:6      | Found a snail-covered altar of Cheibriados.
  6918 | D:6      | Found an ornate altar of the Wu Jian Council.
  7063 | D:6      | Reached skill level 5 in Axes
  7134 | D:6      | Identified the +5 plate armour of the Eternal Fruit {rPois
                  | rF+++ rN+ Int-4}
  7792 | D:7      | Got a dazzling flail
  7792 | D:7      | Identified the +3 flail of Terra Nullius {chaos, rN++
                  | Will-} (You found it on level 7 of the Dungeon)
  7813 | D:7      | Found a sacrificial altar of Ru.
  8263 | D:7      | Found Pebau's Armour Shop.
  8366 | D:7      | Found a sacrificial altar of Ru.
  8380 | D:7      | Reached **** piety under Dithmenos
  8832 | D:8      | Reached XP level 10. HP: 53/53 MP: 11/11
  9020 | D:8      | Found an ancient bone altar of Kikubaaqudgha.
  9053 | D:8      | Found a broken altar of Ashenzari.
  9128 | D:8      | Reached skill level 1 in Stealth
  9186 | D:8      | Found a sand-covered staircase.
  9196 | Ossuary  | Entered an ossuary
  9532 | Ossuary  | Reached ***** piety under Dithmenos
 10097 | D:9      | Found a staircase to the Lair.
 10210 | D:9      | Noticed Harold
 10225 | D:9      | Killed Harold
 10322 | D:9      | Noticed an unseen horror
 10360 | D:9      | Killed an unseen horror
 10361 | D:9      | Reached skill level 5 in Armour
 10669 | D:9      | Found a hazy altar of Hepliaklqana.
 10839 | D:10     | Entered Level 10 of the Dungeon
 11020 | D:10     | Noticed an unseen horror
 11030 | D:10     | Killed an unseen horror
 11031 | D:10     | Reached XP level 11. HP: 55/60 MP: 10/12
 11211 | D:10     | Reached skill level 1 in Crossbows
 11453 | D:10     | Reached skill level 5 in Stealth
 11478 | D:10     | Found a staircase to the Orcish Mines.
 11634 | D:10     | Noticed a two-headed ogre
 11651 | D:10     | Killed a two-headed ogre
 11652 | D:10     | Reached skill level 1 in Slings
 12529 | Lair:1   | Entered Level 1 of the Lair of Beasts
 12841 | Lair:1   | Noticed Nergalle
 12851 | Lair:1   | Noticed a spectral orc warlord
 12857 | Lair:1   | Killed Nergalle
 13524 | Lair:1   | Gained mutation: You heal very quickly. [Vine Stalker
                  | growth]
 13524 | Lair:1   | Reached XP level 12. HP: 66/66 MP: 13/13
 14293 | Lair:1   | HP: 1/66 [acid (3)]
 15127 | Lair:2   | Noticed a seven-headed hydra
 15136 | Lair:2   | Killed a seven-headed hydra
 15655 | Lair:2   | Reached skill level 10 in Axes
 15818 | Lair:2   | Reached skill level 10 in Fighting
 16033 | Lair:2   | Noticed a catoblepas
 16051 | Lair:2   | Killed a catoblepas
 16097 | Lair:2   | Reached XP level 13. HP: 72/72 MP: 14/14
 16643 | Lair:2   | Reached ****** piety under Dithmenos
 17156 | Lair:3   | Found a staircase to the Swamp.
 17363 | Lair:3   | Reached skill level 10 in Stealth
 18643 | Lair:3   | Found a hole to the Spider Nest.
 18845 | Lair:4   | Found a runed translucent door.
 19300 | Lair:4   | Reached XP level 14. HP: 60/79 MP: 15/15
 20245 | Lair:4   | Found the -2 hat of the Alchemist {rElec rPois rF+ rC+ rN+
                  | Will+ rMut rCorr}
 21333 | Lair:6   | Entered Level 6 of the Lair of Beasts
 21407 | Lair:6   | Found a staircase to the Slime Pits.
 21837 | Lair:6   | Reached skill level 1 in Maces & Flails
 22356 | Lair:6   | Reached skill level 5 in Slings
 23243 | Lair:6   | Noticed a dire elephant
 23795 | Lair:5   | Reached XP level 15. HP: 84/84 MP: 16/16
 25228 | Lair:6   | Identified the ring "Axzithre" {rPois Dex+3} (You found it
                  | on level 6 of the Lair of Beasts)
 25507 | D:7      | Bought a +0 helmet of see invisible for 126 gold pieces
 27031 | Lair:6   | Found a glowing silver altar of Zin.
 28525 | D:11     | Found a transporter.
 28526 | D:11     | Found a transporter.
 28832 | D:11     | Noticed Sonja
 28838 | D:11     | Killed Sonja
 28839 | D:11     | Reached skill level 5 in Throwing
 28912 | D:11     | Noticed Psyche
 28926 | D:11     | Killed Psyche
 29049 | D:11     | Found an iron altar of Okawaru.
 30364 | D:12     | Found a portal to a secret trove of treasure.
 31669 | D:13     | Noticed Jorgrun
 31684 | D:13     | Killed Jorgrun
 31685 | D:13     | Reached XP level 16. HP: 76/90 MP: 14/17
 32897 | D:14     | Found a gate to the Vaults.
 32903 | D:14     | Cast into level 2 of the Abyss (a wizard)
 32982 | Abyss:2  | Noticed an ancient lich
 33007 | Abyss:2  | Killed an ancient lich
 33281 | Abyss:2  | Noticed a tentacled starspawn
 33350 | Abyss:2  | Gained mutation: You are clumsy. (Dex -2) [a neqoxec]
 33350 | Abyss:2  | Noticed a tentacled starspawn
 33351 | Abyss:2  | Gained mutation: Your mind is acute. (Int +2) [a neqoxec]
 33363 | Abyss:2  | Killed a tentacled starspawn
 33412 | Abyss:3  | Found a corrupted altar of Lugonu.
 33464 | Abyss:3  | Found a corrupted altar of Lugonu.
 33501 | Abyss:3  | Found a corrupted altar of Lugonu.
 33544 | Abyss:3  | Noticed a tentacled starspawn
 33562 | Abyss:3  | Killed a tentacled starspawn
 33607 | Abyss:3  | Noticed a tentacled starspawn
 33615 | Abyss:3  | Noticed a tentacled starspawn
 33623 | Abyss:3  | Killed a tentacled starspawn
 33624 | Abyss:3  | Reached skill level 10 in Shields
 33629 | Abyss:3  | Killed a tentacled starspawn
 33722 | Abyss:3  | Noticed a tentacled starspawn
 33785 | Abyss:3  | Noticed a tentacled starspawn
 33859 | Abyss:3  | Noticed a tentacled starspawn
 33937 | Abyss:3  | Noticed a tentacled starspawn
 34039 | Abyss:3  | Noticed a hellephant
 34075 | D:14     | Escaped the Abyss
 34389 | D:14     | Noticed Snorg
 34395 | D:14     | Killed Snorg
 34629 | D:15     | Entered Level 15 of the Dungeon
 35673 | D:15     | Found a staircase to the Depths.
 36046 | Orc:1    | Entered Level 1 of the Orcish Mines
 36046 | Orc:1    | Found Jyin's Book Boutique.
 36794 | Orc:1    | Reached skill level 1 in Evocations
 37581 | Orc:1    | Reached skill level 1 in Short Blades
 37700 | Orc:2    | Entered Level 2 of the Orcish Mines
 37720 | Orc:2    | Reached XP level 17. HP: 95/95 MP: 18/18
 37888 | Orc:2    | Found a staircase to the Elven Halls.
 38100 | Orc:2    | Noticed Saint Roka
 38687 | Orc:2    | Killed from afar by an orc sorcerer

Illustrated notes

Levels and vault maps discovered:
D:1:      lightli_arrival_quake, layout_rooms
D:2:      layout_rooms, lemuel_doored_altar, serial_forest,
          infiniplex_forest_clump_medium, infiniplex_forest_clump_medium,
          infiniplex_forest_corner_2, infiniplex_forest_lined_room_2,
          infiniplex_forest_end_2, infiniplex_forest_straight_3,
          minmay_pentomino_pile, uniq_natasha
D:3:      layout_rooms, overflow_temple_1_default, nrook_mini_vaults,
          minmay_strange_pillars, uniq_sigmund
D:4:      layout_cave_pods, portal_sewer_entry_f, uniq_menkaure, uniq_robin
D:5:      layout_basic, lemuel_coloured_pillars_altar, saegor_snake_ambush,
          uniq_edmund
D:6:      layout_cave_pools, old_standard_altar,
          gammafunk_temple_overflow_statue, minmay_temple_entry_glass,
          basic_altar, minivault_10, uniq_maggie
D:7:      layout_rooms, old_standard_altar, basic_altar, serial_shops, shop,
          minmay_quadrilaterals
D:8:      layout_basic, old_standard_altar, ashenzari_altar_1, enter_ossuary_3
D:9:      layout_loops_ring, nzn_hepliaklqana_mist_gate,
          hangedman_tell_no_tales, uniq_harold
D:10:     layout_layer_cave, orc_0_dummy, nicolae_underground_beach
D:11:     gammafunk_boulding_lane, layout_layer_cave, david_defended_altar_elf,
          uniq_sonja, uniq_psyche
D:12:     layout_loops_cross, enter_trove_3
D:13:     layout_roguey, portal_ice_cave_entry_ice_beasts, uniq_jorgrun
D:14:     layout_long_grid, david_vaults_1, gauntlet_entry_generic,
          roderic_lattice_a, uniq_snorg
D:15:     grunt_enter_depths_snipers, layout_gridville, serial_bayou_lagoon_a
Lair:1:   layout_misc_corridors, minmay_lair_oklob_chamber, grunt_megastairs_4,
          uniq_nergalle
Lair:2:   regret_index_wax_grids, layout_hall_layers, beast_lair_carwin_9
Lair:3:   layout_gridlike, minmay_swamp_entry_worms,
          nicolae_spider_entry_non_spiders, patterned_corridor
Lair:4:   gammafunk_indiana_jones, layout_gridlike,
          chequers_serial_rivers_micro_c, chequers_serial_rivers_marsh,
          disabler_island
Lair:5:   layout_roguey, ldierk_geyser
Lair:6:   hangedman_lair_in_review, layout_cave_pods,
          hangedman_lair_caniforms_friends, dpeg_slime_entry_corner,
          basic_altar, eino_house_with_fridge, serial_bayou_shore_a
Orc:1:    cheibrodos_orc_bank, layout_caves, serial_shops, nicolae_shop_stone
Orc:2:    st_orc_mages, layout_diamond_mine, nicolae_orc_sculptors_studio,
          uniq_saint_roka

Skill      XL: |  1  2  3  4  5  6  7  8  9 10 11 12 13 14 15 16 |
---------------+-------------------------------------------------+-----
Fighting       | 3 4 5 6 8 9 10 11 12 13 | 13.4
Long Blades    | 2 3 4 5 6 |  6.1
Shields        | 3 4 5 6 7 8 9 10 | 10.2
Armour         | 3 4 5 6 7 8 |  8.8
Dodging        | 1 2 |  2.0
Axes           | 4 6 8 9 10 11 12 13 | 13.2
Throwing       | 1 2 3 4 6 7 |  7.8
Stealth        | 4 7 9 11 12 13 | 13.1
Crossbows      | 1 3 |  3.5
Slings         | 1 3 4 5 6 |  6.4
Maces & Flails | 1 |  1.7
Evocations     | 1 |  1.3
Short Blades   | 1 |  1.0
Polearms       | |  0.6

Action                   |  1- 3 |  4- 6 |  7- 9 | 10-12 | 13-15 | 16-18 || total
-------------------------+-------+-------+-------+-------+-------+-------++-------
Melee: Long sword        |   124 |   165 |   239 |     9 |    69 |   136 ||   742
       Bite              |    30 |    53 |   103 |   157 |   470 |   198 ||  1011
       War axe           |       |       |   179 |   436 |  1091 |   346 ||  2052
       Flail             |       |       |       |     3 |    40 |       ||    43
       Short sword       |       |       |       |       |    28 |    18 ||    46
       Spear             |       |       |       |       |    19 |       ||    19
       Dagger            |       |       |       |       |       |     1 ||     1
 Fire: Hunting sling     |       |       |       |    51 |   204 |   101 ||   356
       Hand crossbow     |       |       |       |    69 |       |       ||    69
Throw: Dart              |       |     2 |    14 |     2 |     7 |    22 ||    47
       Stone             |       |       |     3 |       |     9 |       ||    12
       Javelin           |       |       |     8 |    11 |     5 |     8 ||    32
       Boomerang         |       |       |       |    30 |   210 |    55 ||   295
Invok: Shadow Step       |       |       |       |       |     1 |     3 ||     4
 Abil: Evoke Invisibilit |       |       |       |       |       |     1 ||     1
Evoke: Wand              |       |       |     1 |     4 |     3 |    12 ||    20
       Box of beasts     |       |       |       |       |     1 |     2 ||     3
  Use: Scroll            |     2 |     8 |    13 |    13 |     9 |     8 ||    53
       Potion            |     1 |     1 |     6 |     4 |     1 |     6 ||    19
 Stab: Sleeping          |       |       |       |       |     8 |     8 ||    16
       Distracted        |       |       |       |       |     2 |     1 ||     3
       Petrified         |       |       |       |       |     5 |       ||     5
       Invisible         |       |       |       |       |     3 |     3 ||     6
       Petrifying        |       |       |       |       |     2 |       ||     2
       Paralysed         |       |       |       |       |       |     2 ||     2
Armor: Scale mail        |    72 |       |       |       |       |       ||    72
       Plate armour      |       |    84 |   270 |   189 |   716 |   281 ||  1540
       Acid dragon scale |       |       |       |     8 |       |       ||     8
Dodge: Dodged            |    48 |    18 |    85 |   102 |   296 |   152 ||   701
Block: Kite shield       |    75 |    83 |   202 |   273 |   772 |   286 ||  1691
       Reflection        |       |       |       |    13 |     1 |       ||    14
       Rpst.: Long sword |    12 |     5 |    12 |     1 |     5 |    13 ||    48
